 Dungeon Crawl Stone Soup version 0.31-a0-940-gdaa99269f9 (webtiles) character file.

Game seed: 7083702912351285187

40 senseless the Ruffian (level 3, -1/29 HPs)
             Began as a Draconian Shapeshifter on Oct 20, 2023.
             Slain by a goblin
             ... wielding a +0 dagger
             ... led by Robin
              (5 damage)
             ... on level 2 of the Dungeon.
             The game lasted 00:01:18 (951 turns).

senseless the Ruffian (Draconian Shapeshifter)       Turns: 951, Time: 00:01:19

Health: -1/29      AC:  5    Str: 18    XL:     3   Next: 30%
Magic:  3/3        EV: 12    Int: 10    God:
Gold:   38         SH:  0    Dex: 10    Spells: 2/2 levels left

rFire   . .          .
                       - Unarmed
rCold   . . .        (no shield)
rNeg    . . .        (body armour unavailable)
rPois   .            (helmet currently unavailable)
rElec   .            (cloak currently unavailable)
rCorr   .            (gloves currently unavailable)
SInv    .            (boots currently unavailable)
Will    .....        (no amulet)
Stlth   +            (no ring)
HPRegen 0.24/turn    (no ring)
MPRegen 0.08/turn

%: no passive effects
@: beast-form
A: beast (slay +1), AC +5, unfitting armour, cold-blooded
a: Begin Untransformation


You were on level 2 of the Dungeon.
You were a hulking beast.
You visited 1 branch of the dungeon, and saw 2 of its levels.

You collected 38 gold pieces.

Inventory:

Talismans
 b - a beast talisman (active)
 c - a flux talisman
Scrolls
 e - a scroll of identify {unknown}
 g - 3 scrolls of teleportation {unknown}
Potions
 a - a potion of lignification
 d - a potion of heal wounds {unknown}
 f - a potion of invisibility {unknown}


   Skills:
 + Level 2.0 Fighting
 + Level 2.3 Dodging
 + Level 3.3 Unarmed Combat
 + Level 3.3 Shapeshifting


You had 2 spell levels left.
You didn't know any spells.
Your spell library contained the following spells:

 Spells                   Type           Power      Damage    Failure   Level
 Kiss of Death            Conj/Necr      0%         2d5       36%         1
 Confusing Touch          Hex            0%         N/A       75%         3
 Dispel Undead            Necr           0%         3d6       98%         4


Dungeon Overview and Level Annotations

Branches:
Dungeon (2/15)

Altars:

Annotations:
D:2 Robin


Innate Abilities, Weirdness & Mutations

You are a hulking beast.
Your limbs bulge with bestial killing power. (Slay +1)
Your plain brown scales are hard. (AC +5)
You cannot fit into any form of body armour.
You are cold-blooded and may be slowed by cold attacks.


Message History

It stops dripping with poison.
The goblin wields a +0 sling.
The goblin shoots a sling bullet.
The sling bullet hits you.
A goblin comes into view. It is wielding a +0 dagger.
The goblin unwields a +0 sling.
The goblin wields a +1 dagger of venom.
It begins to drip with poison!
The goblin hits you but does no damage.
You are poisoned.
Items here: )) ††.
The goblin shouts!
You hit the goblin.
You kill the goblin!
You feel sick.
A goblin comes into view. It is wielding a +0 club.
Robin roars a battlecry!
The goblins go into a battle-frenzy!
You hit Robin. You tail-slap Robin.
Robin is moderately wounded.
You feel sick. Robin hits you with a +0 club.
You closely miss Robin. You tail-slap Robin. Your punch misses Robin.
Robin is moderately wounded.
You feel sick. Robin throws the goblin at you!
The goblin hits you but does no damage.
You barely miss Robin.
Robin is moderately wounded.
You feel sick. The goblin hits you with a +0 club.
You hit Robin.
Robin is heavily wounded.
You feel sick. The goblin barely misses you.
You hit the goblin but do no damage.
Your tail-slap misses the goblin.
You feel sick.
You are no longer poisoned.
The goblin closely misses you. x2
You hit the goblin.
You kill the goblin!
Robin throws the goblin at you! The goblin hits you with a +0 dagger.
* * * LOW HITPOINT WARNING * * *
Your Fighting skill increases to level 2!
You barely miss the goblin. Robin hits you with a +0 club.
* * * LOW HITPOINT WARNING * * *
The goblin hits you with a +0 dagger.
You die...

#########################
.......ghg..).....†......
###...g#################
#...).# ##### #.....#
#.... ##....# #....
#....g #.... ......g
#.... ##...... #....
#....##g #####


You could see Robin and 2 goblins.

Vanquished Creatures
  2 dart slugs (D:1)
  3 ball pythons (D:1)
  5 endoplasms (D:1)
  7 goblins
  5 hobgoblins
  3 bats
  2 frilled lizards
  A kobold (D:1)
  6 rats
34 creatures vanquished.

Notes
Turn   | Place    | Note
-------+----------+-------------------------------------------
     0 | D:1      | senseless the Draconian Shapeshifter began the quest for
                  | the Orb.
     0 | D:1      | Reached XP level 1. HP: 16/16 MP: 1/1
   132 | D:1      | Reached XP level 2. HP: 23/23 MP: 2/2
   887 | D:2      | Reached XP level 3. HP: 29/29 MP: 3/3
   896 | D:2      | Found a faded altar of an unknown god.
   925 | D:2      | Noticed Robin
   951 | D:2      | Slain by a goblin

Illustrated notes

Levels and vault maps discovered:
D:1:      roadster_arrival_rocket_small, layout_loops_ring
D:2:      layout_basic, basic_ecumenical_altar, uniq_robin

Skill      XL: |  1  2  3 |
---------------+----------+-----
Dodging        | 2 |  2.3
Fighting       | 2 |  2.0
Unarmed Combat | |  3.3
Shapeshifting  | |  3.3

Action                     || total
---------------------------++-------
  Melee: Unarmed           ||    84
         Tailslap          ||    10
         Punch             ||     4
   Stab: Sleeping          ||     1
 Armour: Skin              ||    52
  Dodge: Dodged            ||    37

Table legend: (Time is in decaauts)
 A = Elapsed time spent in this place.
 B = Non-inter-level travel time spent in this place.
 C = Inter-level travel time spent in this place.
 D = Time resting spent in this place.
 E = Time spent auto-exploring this place.
 F = Levels seen in this place.
 G = Mean time per level.
                   A        B        C        D        E       F      G
               +--------+--------+--------+--------+--------+-----+--------+
         Total |    950 |    926 |     24 |      0 |    745 |   2 |  475.0 |
       Dungeon |    950 |    926 |     24 |      0 |    745 |   2 |  475.0 |
               +--------+--------+--------+--------+--------+-----+--------+

Top non-repeatable levels by time:
     D:1: 851 daAuts
     D:2: 99 daAuts
